Workbook

Sheet ARORP Final 
A1: Year 2 Annotated Budget
A2: Organization: 13th Drug Task Force
A4: Original Budget Line Item | B4: Original Amount Budgeted | C4: Description of Budget Line Item | D4: Spent to date | E4: Spent to date Notes | F4: Amount Left to Spend | G4: ARORP Notes
A5: Personnel
A6: Investigator | B6: 44532.8 | C6: 1 Yr Salary | D6: ='Payroll '!C26 -> 44532.72 | E6: See tab "payroll" | F6: =SUM(B6-D6) -> 0.08
A7: Peer Advanced | B7: 40000 | C7: 1 Yr Salary | D7: ='Payroll '!C72 -> 40000.08 | E7: See tab "payroll" | F7: 0 | G7: Overage of $0.8 covered by 13th DTF.
A8: Peer Core | B8: 32500 | C8: 1 Yr Salary | D8: ='Payroll '!C116 -> 32500.05 | E8: See tab "payroll" | F8: 0 | G8: Overage of $0.5 covered by 13th DTF.
A9: Total | B9: =SUM(B6:B8) -> 117032.8 | D9: =SUM(D6:D8) -> 117032.85 | F9: =SUM(F6:F8) -> 0.08
A11: Fringe
A12: Health/Life/Dental/Vision
A13: Investigator | B13: 5664 | C13: 1 Yr Insurance | D13: =SUM('BCBS Insurance'!C29) -> 6009.37 | E13: See tab "BCBS" | F13: 0 | G13: Overage of $345.37 covered by 13th DTF.
A14: Health/Life/Dental/Vision
A15: Peer - Advanced/Core | B15: 11328 | C15: 1 Yr Insurance | D15: =SUM('BCBS Insurance'!C95,'BCBS Insurance'!C62) -> 12489.99 | E15: See tab "BCBS" | F15: 0 | G15: Overage of $1161.99 covered by 13th DTF.
A16: FICA | B16: 8953.01 | D16: ='FICA '!D129 -> 8995.2 | E16: See tab "FICA" | F16: 0 | G16: Overage of $42.19 covered by 13th DTF.
A17: Retirement | B17: 17929.42 | D17: ='APERS - Retirement '!D128 -> 17929.44 | E17: See tab "Retirement" | F17: 0 | G17: Overage of $0.02 covered by 13th DTF.
A18: W/C | B18: 3059.82 | C18: 1 Yr W/C for investigator and Peer | D18: 0 | F18: =SUM(B18-D18) -> 3059.82
A20: Total | B20: =SUM(B13,B15,B16,B17,B18) -> 46934.25 | D20: =SUM(D13:D19) -> 45424 | F20: =SUM(F13:F18) -> 3059.82
A22: M&O
A23: Office Supplies | B23: 2500 | D23: ='EDP '!C13 -> 2499.78 | F23: =B23-D23 -> 0.22
A24: Total | B24: =B23 -> 2500 | D24: =D23 -> 2499.78 | F24: =F23 -> 0.22
A26: Equipment
A27: Cell Phones & Hot Spots | B27: 2399.4 | C27: Monthly Fees | D27: 2448.07 | E27: See tab "Equipment" | F27: 0 | G27: Overage of $48.67 covered by 13th DTF.
A28: Tru-Narc Test Kits | B28: 704 | D28: 0 | F28: =SUM(B28-D28) -> 704
A30: Total | B30: =SUM(B27:B29) -> 3103.4 | D30: =SUM(D27:D29) -> 2448.07 | F30: =SUM(F26:F28) -> 704
A32: Grand Total | B32: =SUM(B30,B24,B20,B9) -> 169570.45 | C32: =SUM(C30,C24,C20,C9) -> 0 | D32: =SUM(D30,D24,D20,D9) -> 167404.7 | F32: =SUM(F30,F24,F20,F9) -> 3764.12

Sheet Payroll 
A1: Paycheck Amount | B1: Date | C1: Employee | D1: Pay Periods | E1: Hours Per Pay Period
A2: 1855.53 | B2: 45611 | C2: JV | D2: 11/01/2024-11/15/2024 | E2: 88
A3: 1855.53 | B3: 45626 | C3: JV | D3: 11/16/2024-11/30/2024 | E3: 72
A4: 1855.53 | B4: 45641 | C4: JV | D4: 12/01/2024-12/15/2024 | E4: 80
A5: 1855.53 | B5: 45657 | C5: JV | D5: 12/16/2024-12/31/2024 | E5: 96
A6: 1855.53 | B6: 45672 | C6: JV | D6: 01/01/2025-01/15/2025 | E6: 88
A7: 1855.53 | B7: 45688 | C7: JV | D7: 01/16/2025-01/31/2025 | E7: 96
A8: 1855.53 | B8: 45703 | C8: JV | D8: 02/01/2025-02/15/2025 | E8: 80
A9: 1855.53 | B9: 45716 | C9: JV | D9: 02/16/2025-02/28/2025 | E9: 80
A10: 1855.53 | B10: 45731 | C10: JV | D10: 03/01/2025-03/15/2025 | E10: 80
A11: 1855.53 | B11: 45747 | C11: JV | D11: 03/16/2025-03/31/2025 | E11: 88
A12: 1855.53 | B12: 45762 | C12: JV | D12: 04/01/2025-04/15/2025 | E12: 88
A13: 1855.53 | B13: 45777 | C13: JV | D13: 04/16/2025-04/30/2025 | E13: 88
... A23: 1855.53 | B23: 45930 | C23: JV | D23: 09/16/2025-09/30/2025 | E23: 88
A24: 1855.53 | B24: 45945 | C24: JV | D24: 10/01/2025-10/15/2025 | E24: 88 | F24: Missing amount for $1855.53. Receipt provided following meeting.
A25: 1855.53 | B25: 45961 | C25: JV | D25: 10/16/2025-10/31/2025 | E25: 96 | F25: Missing amount for $1855.53. Receipt provided following meeting.
A26: Spent to date | C26: =SUM(A2:A25) -> 44532.72
A27: Remaining Balance | C27: =SUM(44532.8-C26) -> 0.08
A47: Paycheck Amount | B47: Date | C47: Employee | D47: Pay Periods | E47: Hours Per Pay Period
A48: 1666.67 | B48: 45611 | C48: NS | D48: 11/01/2024-11/15/2024 | E48: 88
A49: 1666.67 | B49: 45626 | C49: NS | D49: 11/16/2024-11/30/2024 | E49: 72
A50: 1666.67 | B50: 45641 | C50: NS | D50: 12/01/2024-12/15/2024 | E50: 80
A51: 1666.67 | B51: 45657 | C51: NS | D51: 12/16/2024-12/31/2024 | E51: 96
A52: 1666.67 | B52: 45672 | C52: NS | D52: 01/01/2025-01/15/2025 | E52: 88
A53: 1666.67 | B53: 45688 | C53: NS | D53: 01/16/2025-01/31/2025 | E53: 96
A54: 1666.67 | B54: 45703 | C54: NS | D54: 02/01/2025-02/15/2025 | E54: 80
A55: 1666.67 | B55: 45716 | C55: NS | D55: 02/16/2025-02/28/2025 | E55: 80
A56: 1666.67 | B56: 45731 | C56: NS | D56: 03/01/2025-03/15/2025 | E56: 80
A57: 1666.67 | B57: 45747 | C57: NS | D57: 03/16/2025-03/31/2025 | E57: 88
A58: 1666.67 | B58: 45762 | C58: NS | D58: 04/01/2025-04/15/2025 | E58: 88
A59: 1666.67 | B59: 45777 | C59: NS | D59: 04/16/2025-04/30/2025 | E59: 88
A60: 1666.67 | B60: 45792 | C60: NS | D60: 05/01/2025-05/15/2025 | E60: 96 | F60: Missing payment for 5/15 for $1,666.67. Receipt provided following meeting.
A61: 1666.67 | B61: 45808 | C61: NS | D61: 05/16/2025-05/31/2025 | E61: 88
A62: 1666.67 | B62: 45823 | C62: NS | D62: 06/01/2025-06/15/2025 | E62: 80
A63: 1666.67 | B63: 45838 | C63: NS | D63: 06/16/2025-06/30/2025 | E63: 88
A64: 1666.67 | B64: 45853 | C64: NS | D64: 07/01/2025-07/15/2025 | E64: 88
A65: 1666.67 | B65: 45869 | C65: NS | D65: 07/16/2025-07/31/2025 | E65: 96
A66: 1666.67 | B66: 45884 | C66: NS | D66: 08/01/2025-08/15/2025 | E66: 88
A67: 1666.67 | B67: 45900 | C67: NS | D67: 08/16/2025-08/31/2025 | E67: 80
A68: 1666.67 | B68: 45915 | C68: NS | D68: 09/01/2025-09/15/2025 | E68: 88
A69: 1666.67 | B69: 45930 | C69: NS | D69: 09/16/2025-09/30/2025 | E69: 88
A70: 1666.67 | B70: 45945 | C70: NS | D70: 10/01/2025-10/15/2025 | E70: 88 | F70: Missing payment for 5/15 for $1,666.67. Receipt provided following meeting.
A71: 1666.67 | B71: 45961 | C71: NS | D71: 10/16/2025-10/31/2025 | E71: 96 | F71: Missing payment for 5/15 for $1,666.67. Receipt provided following meeting.
A72: Spent to date | C72: =SUM(A48:A71) -> 40000.08
A73: Remaining Balance | C73: =SUM(40000-C72) -> -0.08
A91: Paycheck Amount | B91: Date | C91: Employee | D91: Pay Periods | E91: Hours Per Pay Period | F91: ARORP Notes
A92: 1354.17 | B92: 45611 | C92: VT | D92: 11/01/2024-11/15/2024 | E92: 88
A93: 1354.17 | B93: 45626 | C93: VT | D93: 11/16/2024-11/30/2024 | E93: 72
A94: 1354.17 | B94: 45641 | C94: VT | D94: 12/01/2024-12/15/2024 | E94: 80 | F94: There is a payment from 12/1/24, which is not included here.
A95: 1354.17 | B95: 45657 | C95: VT | D95: 12/16/2024-12/31/2024 | E95: 96
A96: 1354.17 | B96: 45672 | C96: VT | D96: 01/01/2025-01/15/2025 | E96: 88
A97: 1354.17 | B97: 45688 | C97: VT | D97: 01/16/2025-01/31/2025 | E97: 96
A98: 1354.17 | B98: 45703 | C98: VT | D98: 02/01/2025-02/15/2025 | E98: 80
A99: 1354.17 | B99: 45716 | C99: VT | D99: 02/16/2025-02/28/2025 | E99: 80
A100: 1354.17 | B100: 45731 | C100: VT | D100: 03/01/2025-03/15/2025 | E100: 80
A101: 1354.17 | B101: 45747 | C101: VT | D101: 03/16/2025-03/31/2025 | E101: 88
A102: 1354.17 | B102: 45762 | C102: VT | D102: 04/01/2025-04/15/2025 | E102: 88
A103: 1354.17 | B103: 45777 | C103: VT | D103: 04/16/2025-04/30/2025 | E103: 88
A104: 1354.17 | B104: 45792 | C104: VT | D104: 05/01/2025-05/15/2025 | E104: 96
A105: 1354.17 | B105: 45808 | C105: VT | D105: 05/16/2025-05/31/2025 | E105: 88 | F105: There was a payment missing of $1,354.17 from 5/31/25. Receipt provided following meeting.
A106: 1354.17 | B106: 45823 | C106: VT | D106: 06/01/2025-06/15/2025 | E106: 80 | F106: There were two 6/15/25 payments in the documentation. Only one was accepted.
A107: 1354.17 | B107: 45838 | C107: VT | D107: 06/16/2025-06/30/2025 | E107: 88
A108: 1354.17 | B108: 45853 | C108: VT | D108: 07/01/2025-07/15/2025 | E108: 88
A109: 1354.17 | B109: 45869 | C109: VT | D109: 07/16/2025-07/31/2025 | E109: 96
A110: 1354.17 | B110: 45884 | C110: VT | D110: 08/01/2025-08/15/2025 | E110: 88
A111: 1354.17 | B111: 45900 | C111: VT | D111: 08/16/2025-08/31/2025 | E111: 80
A112: 1354.17 | B112: 45915 | C112: VT | D112: 09/01/2025-09/15/2025 | E112: 88
A113: 1354.14 | B113: 45930 | C113: VT | D113: 09/16/2025-09/30/2025 | E113: 88
A114: 1354.17 | B114: 45945 | C114: VT | D114: 10/01/2025-10/15/2025 | E114: 88 | F114: There is a payment missing of $1,354.17. Receipt provided following meeting.
A115: 1354.17 | B115: 45961 | C115: VT | D115: 10/16/2025-10/31/2025 | E115: 96 | F115: There is a payment missing of $1,354.17. Receipt provided following meeting.
A116: Spent to date | C116: =SUM(A92:A115) -> 32500.05
A117: Remaining Balance | C117: =SUM(32500-C116) -> -0.05

Sheet BCBS Insurance
A1: John Voss
A2: Total Cost per Receipt | B2: Date | C2: Vendor | D2: Items Purchased with Unit Price
A3: 723.67 | B3: 45621 | C3: AR BCBS | D3: Health Insurance
A4: 26.93 | B4: 45621 | C4: AR BCBS | D4: Dental Insurance
A5: 7.73 | B5: 45621 | C5: AR BCBS | D5: Vision Insurance
A6: 8.5 | B6: 45625 | C6: USAble | D6: Life Insurance
A7: 837.79 | B7: 45652 | C7: AR BCBS | D7: Health Insurance
A8: 26.93 | B8: 45652 | C8: AR BCBS | D8: Dental Insurance
A9: 7.73 | B9: 45652 | C9: AR BCBS | D9: Vision Insurance
A10: 8.5 | B10: 45653 | C10: USAble | D10: Life Insurance
A11: 837.79 | B11: 45688 | C11: AR BCBS | D11: Health Insurance
A12: 26.93 | B12: 45688 | C12: AR BCBS | D12: Dental Insurance
A13: 7.73 | B13: 45688 | C13: AR BCBS | D13: Vision Insurance
A14: 8.5 | B14: 45688 | C14: USAble | D14: Life Insurance
... A27: 837.79 | B27: 45799 | C27: AR BCBS | D27: Health Insurance
A29: Spent to date | C29: =SUM(A3:A27) -> 6009.37
A30: Remaining Balance | C30: 0
A34: Shannon Nicole Smith
A35: Total Cost per Receipt | B35: Date | C35: Vendor | D35: Items Purchased with Unit Price
A36: 532.64 | B36: 45621 | C36: AR BCBS | D36: Health Insurance
A37: 26.93 | B37: 45621 | C37: AR BCBS | D37: Dental Insurance
A38: 7.73 | B38: 45621 | C38: AR BCBS | D38: Vision Insurance
A39: 8.5 | B39: 45625 | C39: AR BCBS | D39: Life Insurance
A40: 613.87 | B40: 45652 | C40: AR BCBS | D40: Health Insurance
A41: 26.93 | B41: 45652 | C41: AR BCBS | D41: Dental Insurance
A42: 7.73 | B42: 45652 | C42: AR BCBS | D42: Vision Insurance
A43: 8.5 | B43: 45653 | C43: AR BCBS | D43: Life Insurance
A44: 613.87 | B44: 45688 | C44: AR BCBS | D44: Health Insurance
A45: 26.93 | B45: 45688 | C45: AR BCBS | D45: Dental Insurance
A46: 7.73 | B46: 45688 | C46: AR BCBS | D46: Vision Insurance
A47: 8.5 | B47: 45688 | C47: AR BCBS | D47: Life Insurance
... A60: 613.87 | B60: 45799 | C60: AR BCBS | D60: Health Insurance
A62: Spent to date | C62: =SUM(A36:A60) -> 4474.82
A63: Remaining Balance | C63: 0
A67: Vincent Tate
A68: Total Cost per Receipt | B68: Date | C68: Vendor | D68: Items Purchased with Unit Price
A69: 996.07 | B69: 45621 | C69: AR BCBS | D69: Health Insurance
A70: 26.93 | B70: 45621 | C70: AR BCBS | D70: Dental Insurance
A71: 7.73 | B71: 45621 | C71: AR BCBS | D71: Vision Insurance
A72: 8.5 | B72: 45625 | C72: AR BCBS | D72: Life Insurance
A73: 1126.69 | B73: 45652 | C73: AR BCBS | D73: Health Insurance
A74: 26.93 | B74: 45652 | C74: AR BCBS | D74: Dental Insurance
A75: 7.73 | B75: 45652 | C75: AR BCBS | D75: Vision Insurance
A76: 8.5 | B76: 45653 | C76: AR BCBS | D76: Life Insurance
A77: 1126.69 | B77: 45688 | C77: AR BCBS | D77: Health Insurance
A78: 26.93 | B78: 45688 | C78: AR BCBS | D78: Dental Insurance
A79: 7.73 | B79: 45688 | C79: AR BCBS | D79: Vision Insurance
A80: 8.5 | B80: 45688 | C80: AR BCBS | D80: Life Insurance
... A93: 1126.69 | B93: 45799 | C93: AR BCBS | D93: Health Insurance
A95: Spent to date | C95: =SUM(A69:A93) -> 8015.17
A96: Remaining Balance | C96: $ -

Sheet FICA 
A1: Nicole Smith
A2: Total Cost | B2: Date | C2: Vendor | D2: Pay Periods | E2: ARORP Notes
A3: =SUM(103.33,24.17) -> 127.5 | B3: 45611 | C3: FICA - Taxes | D3: 11/01/2024-11/15/2024
A4: =SUM(103.33,24.17) -> 127.5 | B4: 45626 | C4: FICA - Taxes | D4: 11/16/2024-11/30/2024
A5: =SUM(103.33,24.17) -> 127.5 | B5: 45641 | C5: FICA - Taxes | D5: 12/01/2024-12/15/2024
A6: =SUM(103.33,24.17) -> 127.5 | B6: 45657 | C6: FICA - Taxes | D6: 12/16/2024-12/31/2024
A7: =SUM(103.33,24.17) -> 127.5 | B7: 45672 | C7: FICA - Taxes | D7: 01/01/2025-01/15/2025
A8: =SUM(103.33,24.17) -> 127.5 | B8: 45688 | C8: FICA - Taxes | D8: 01/16/2025-01/31/2025
A9: =SUM(103.33,24.17) -> 127.5 | B9: 45703 | C9: FICA - Taxes | D9: 02/01/2025-02/15/2025
A10: =SUM(103.33,24.17) -> 127.5 | B10: 45716 | C10: FICA - Taxes | D10: 02/16/2025-02/28/2025
A11: =SUM(103.33,24.17) -> 127.5 | B11: 45731 | C11: FICA - Taxes | D11: 03/01/2025-03/15/2025
A12: =SUM(103.33,24.17) -> 127.5 | B12: 45747 | C12: FICA - Taxes | D12: 03/16/2025-03/31/2025
A13: =SUM(103.33,24.17) -> 127.5 | B13: 45762 | C13: FICA - Taxes | D13: 04/01/2025-04/15/2025
A14: =SUM(103.33,24.17) -> 127.5 | B14: 45777 | C14: FICA - Taxes | D14: 04/16/2025-04/30/2025
A15: =SUM(103.33,24.17) -> 127.5 | B15: 45792 | C15: FICA - Taxes | D15: 05/01/2025-05/15/2025 | E15: Documentation provided after the meeting.
A16: =SUM(103.33,24.17) -> 127.5 | B16: 45808 | C16: FICA - Taxes | D16: 05/16/2025-05/31/2025
A17: =SUM(103.33,24.17) -> 127.5 | B17: 45823 | C17: FICA - Taxes | D17: 06/01/2025-06/15/2025
A18: =SUM(103.33,24.17) -> 127.5 | B18: 45838 | C18: FICA - Taxes | D18: 06/16/2025-06/30/2025
A19: =SUM(103.33,24.17) -> 127.5 | B19: 45853 | C19: FICA - Taxes | D19: 07/01/2025-07/15/2025
A20: =SUM(103.33,24.17) -> 127.5 | B20: 45869 | C20: FICA - Taxes | D20: 07/16/2025-07/31/2025
A21: =SUM(103.33,24.17) -> 127.5 | B21: 45884 | C21: FICA - Taxes | D21: 08/01/2025-08/15/2025
A22: =SUM(103.33,24.17) -> 127.5 | B22: 45900 | C22: FICA - Taxes | D22: 08/16/2025-08/31/2025
A23: =SUM(103.33,24.17) -> 127.5 | B23: 45915 | C23: FICA - Taxes | D23: 09/01/2025-09/15/2025
A24: =SUM(103.33,24.17) -> 127.5 | B24: 45930 | C24: FICA - Taxes | D24: 09/16/2025-09/30/2025
A25: =SUM(103.33,24.17) -> 127.5 | B25: 45945 | C25: FICA - Taxes | D25: 10/01/2025-10/15/2025 | E25: Documentation provided after the meeting.
A26: =SUM(103.33,24.17) -> 127.5 | B26: 45961 | C26: FICA - Taxes | D26: 10/16/2025-10/31/2025 | E26: Documentation provided after the meeting.
A27: Spent to date | C27: =SUM(A3:A26) -> 3060 | D27: Rounding errors
A28: Remaining Balance | C28: =SUM(3060-C27) -> 0
A47: Vincent Tate
A48: Total Cost | B48: Date | C48: Vendor | D48: Pay Periods | E48: ARORP Notes
A49: =SUM(83.96,19.64) -> 103.6 | B49: 45611 | C49: FICA - Taxes | D49: 11/01/2024-11/15/2024
A50: =SUM(83.96,19.64) -> 103.6 | B50: 45626 | C50: FICA - Taxes | D50: 11/16/2024-11/30/2024
A51: =SUM(83.96,19.64) -> 103.6 | B51: 45641 | C51: FICA - Taxes | D51: 12/01/2024-12/15/2024
A52: =SUM(83.96,19.64) -> 103.6 | B52: 45657 | C52: FICA - Taxes | D52: 12/16/2024-12/31/2024
A53: =SUM(83.96,19.64) -> 103.6 | B53: 45672 | C53: FICA - Taxes | D53: 01/01/2025-01/15/2025
A54: =SUM(83.96,19.64) -> 103.6 | B54: 45688 | C54: FICA - Taxes | D54: 01/16/2025-01/31/2025
A55: =SUM(83.96,19.64) -> 103.6 | B55: 45703 | C55: FICA - Taxes | D55: 02/01/2025-02/15/2025
A56: =SUM(83.96,19.64) -> 103.6 | B56: 45716 | C56: FICA - Taxes | D56: 02/16/2025-02/28/2025
A57: =SUM(83.96,19.64) -> 103.6 | B57: 45731 | C57: FICA - Taxes | D57: 03/01/2025-03/15/2025
A58: =SUM(83.96,19.64) -> 103.6 | B58: 45747 | C58: FICA - Taxes | D58: 03/16/2025-03/31/2025
A59: =SUM(83.96,19.64) -> 103.6 | B59: 45762 | C59: FICA - Taxes | D59: 04/01/2025-04/15/2025
A60: =SUM(83.96,19.64) -> 103.6 | B60: 45777 | C60: FICA - Taxes | D60: 04/16/2025-04/30/2025
A61: =SUM(83.96,19.64) -> 103.6 | B61: 45792 | C61: FICA - Taxes | D61: 05/01/2025-05/15/2025
A62: 103.6 | B62: 45808 | C62: FICA - Taxes | D62: 05/16/2025-05/31/2025 | E62: Documentation provided after the meeting.
A63: =SUM(83.96,19.64) -> 103.6 | B63: 45823 | C63: FICA - Taxes | D63: 06/01/2025-06/15/2025
A64: =SUM(83.96,19.64) -> 103.6 | B64: 45838 | C64: FICA - Taxes | D64: 06/16/2025-06/30/2025
A65: =SUM(83.96,19.64) -> 103.6 | B65: 45853 | C65: FICA - Taxes | D65: 07/01/2025-07/15/2025
A66: =SUM(83.96,19.64) -> 103.6 | B66: 45869 | C66: FICA - Taxes | D66: 07/16/2025-07/31/2025
A67: =SUM(83.96,19.64) -> 103.6 | B67: 45884 | C67: FICA - Taxes | D67: 08/01/2025-08/15/2025
A68: =SUM(83.96,19.64) -> 103.6 | B68: 45900 | C68: FICA - Taxes | D68: 08/16/2025-08/31/2025
A69: =SUM(83.96,19.64) -> 103.6 | B69: 45915 | C69: FICA - Taxes | D69: 09/01/2025-09/15/2025
A70: =SUM(83.96,19.64) -> 103.6 | B70: 45930 | C70: FICA - Taxes | D70: 09/16/2025-09/30/2025
A71: =SUM(83.96,19.64) -> 103.6 | B71: 45945 | C71: FICA - Taxes | D71: 10/01/2025-10/15/2025 | E71: Documentation provided after the meeting.
A72: 103.6 | B72: 45961 | C72: FICA - Taxes | D72: 10/16/2025-10/31/2025 | E72: Documentation provided after the meeting.
A73: Spent to date | C73: =SUM(A49:A72) -> 2486.4 | D73: Rounding errors
A74: Remaining Balance | C74: =SUM(2486.25-C73) -> -0.15
A93: John Voss
A94: Total Cost | B94: Date | C94: Vendor | D94: Pay Periods
A95: =SUM(115.04,26.91) -> 141.95 | B95: 45611 | C95: FICA - Taxes | D95: 11/01/2024-11/15/2024
A96: =SUM(115.04,26.91) -> 141.95 | B96: 45626 | C96: FICA - Taxes | D96: 11/16/2024-11/30/2024
A97: =SUM(115.04,26.91) -> 141.95 | B97: 45641 | C97: FICA - Taxes | D97: 12/01/2024-12/15/2024
A98: =SUM(115.04,26.91) -> 141.95 | B98: 45657 | C98: FICA - Taxes | D98: 12/16/2024-12/31/2024
A99: =SUM(115.04,26.91) -> 141.95 | B99: 45672 | C99: FICA - Taxes | D99: 01/01/2025-01/15/2025
A100: =SUM(115.04,26.91) -> 141.95 | B100: 45688 | C100: FICA - Taxes | D100: 01/16/2025-01/31/2025
A101: =SUM(115.04,26.91) -> 141.95 | B101: 45703 | C101: FICA - Taxes | D101: 02/01/2025-02/15/2025
A102: =SUM(115.04,26.91) -> 141.95 | B102: 45716 | C102: FICA - Taxes | D102: 02/16/2025-02/28/2025
A103: =SUM(115.04,26.91) -> 141.95 | B103: 45731 | C103: FICA - Taxes | D103: 03/01/2025-03/15/2025
A104: =SUM(115.04,26.91) -> 141.95 | B104: 45747 | C104: FICA - Taxes | D104: 03/16/2025-03/31/2025
A105: =SUM(115.04,26.91) -> 141.95 | B105: 45762 | C105: FICA - Taxes | D105: 04/01/2025-04/15/2025
A106: =SUM(115.04,26.91) -> 141.95 | B106: 45777 | C106: FICA - Taxes | D106: 04/16/2025-04/30/2025
A107: =SUM(115.04,26.91) -> 141.95 | B107: 45792 | C107: FICA - Taxes | D107: 05/01/2025-05/15/2025 | E107: Documentation provided after the meeting.
A108: =SUM(115.04,26.91) -> 141.95 | B108: 45808 | C108: FICA - Taxes | D108: 05/16/2025-05/31/2025
A109: =SUM(115.04,26.91) -> 141.95 | B109: 45823 | C109: FICA - Taxes | D109: 06/01/2025-06/15/2025
A110: =SUM(115.04,26.91) -> 141.95 | B110: 45838 | C110: FICA - Taxes | D110: 06/16/2025-06/30/2025
A111: =SUM(115.04,26.91) -> 141.95 | B111: 45853 | C111: FICA - Taxes | D111: 07/01/2025-07/15/2025
A112: =SUM(115.04,26.91) -> 141.95 | B112: 45869 | C112: FICA - Taxes | D112: 07/16/2025-07/31/2025
A113: =SUM(115.04,26.91) -> 141.95 | B113: 45884 | C113: FICA - Taxes | D113: 08/01/2025-08/15/2025
A114: =SUM(115.04,26.91) -> 141.95 | B114: 45900 | C114: FICA - Taxes | D114: 08/16/2025-08/31/2025
A115: =SUM(115.04,26.91) -> 141.95 | B115: 45915 | C115: FICA - Taxes | D115: 09/01/2025-09/15/2025
A116: =SUM(115.04,26.91) -> 141.95 | B116: 45930 | C116: FICA - Taxes | D116: 09/16/2025-09/30/2025
A117: =SUM(115.04,26.91) -> 141.95 | B117: 45945 | C117: FICA - Taxes | D117: 10/01/2025-10/15/2025 | E117: Documentation provided after the meeting.
A118: =SUM(115.04,26.91) -> 141.95 | B118: 45961 | C118: FICA - Taxes | D118: 10/16/2025-10/31/2025 | E118: Documentation provided after the meeting.
A119: Spent to date | C119: =SUM(A95:A118) -> 3406.8 | D119: Rounding errors
A120: Remaining Balance | C120: =SUM(3406.76-C119) -> -0.04
A123: Original Budget Line Item | B123: Original Amount Budgeted | C123: Description of Budget Line Item | D123: Spent to date
A124: Investigator | B124: 3406.76 | C124: 1 Yr@7.65% total Salary | D124: ='FICA '!C119 -> 3406.8
A125: Peer - Advanced | B125: 3060 | C125: 1 Yr@7.65% total Salary | D125: ='FICA '!C27 -> 3060
A126: Peer - Core | B126: 2486.25 | C126: 1 Yr@7.65% total Salary | D126: ='FICA '!C73 -> 2486.4
A127: AR Employment Sec. Dept. | C127: 1 Yr @0225% of first $7,000 /salary x number of positions | D127: 42 | E127: One invoice provided.
A129: Totals | B129: =SUM(B124:B127) -> 8953.01 | D129: =SUM(D124:D127) -> 8995.2

Sheet FICA - Mary
A1: Nicole Smith
A2: Total Cost | B2: Date | C2: Vendor | D2: Pay Periods
A3: 103.33 | B3: 45611 | C3: FICA - Taxes | D3: 11/01/2024-11/15/2024
A4: 24.17 | B4: 45611 | C4: FICA - Taxes | D4: 11/01/2024-11/15/2024
A5: 103.33 | B5: 45626 | C5: FICA - Taxes | D5: 11/16/2024-11/30/2024
A6: 24.17 | B6: 45626 | C6: FICA - Taxes | D6: 11/16/2024-11/30/2024
A7: 103.33 | B7: 45641 | C7: FICA - Taxes | D7: 12/01/2024-12/15/2024
A8: 24.17 | B8: 45641 | C8: FICA - Taxes | D8: 12/01/2024-12/15/2024
A9: 103.33 | B9: 45657 | C9: FICA - Taxes | D9: 12/16/2024-12/31/2024
A10: 24.17 | B10: 45657 | C10: FICA - Taxes | D10: 12/16/2024-12/31/2024
A11: 103.33 | B11: 45672 | C11: FICA - Taxes | D11: 01/01/2025-01/15/2025
A12: 24.17 | B12: 45672 | C12: FICA - Taxes | D12: 01/01/2025-01/15/2025
A13: 103.33 | B13: 45688 | C13: FICA - Taxes | D13: 01/16/2025-01/31/2025
A14: 24.17 | B14: 45688 | C14: FICA - Taxes | D14: 01/16/2025-01/31/2025
... A19: 103.33 | B19: 45731 | C19: FICA - Taxes | D19: 03/01/2025-03/15/2025
A20: 24.17 | B20: 45731 | C20: FICA - Taxes | D20: 03/01/2025-03/15/2025 | F20: =SUM(A23,A24) -> 127.5
A21: 103.33 | B21: 45747 | C21: FICA - Taxes | D21: 03/16/2025-03/31/2025
A22: 24.17 | B22: 45747 | C22: FICA - Taxes | D22: 03/16/2025-03/31/2025
A23: 103.33 | B23: 45762 | C23: FICA - Taxes | D23: 04/01/2025-04/15/2025
A24: 24.17 | B24: 45762 | C24: FICA - Taxes | D24: 04/01/2025-04/15/2025
A25: 103.33 | B25: 45777 | C25: FICA - Taxes | D25: 04/16/2025-04/30/2025
A26: 24.17 | B26: 45777 | C26: FICA - Taxes | D26: 04/16/2025-04/30/2025
A27: 103.33 | B27: 45792 | C27: FICA - Taxes | D27: 05/01/2025-05/15/2025
A28: 24.17 | B28: 45792 | C28: FICA - Taxes | D28: 05/01/2025-05/15/2025
A29: 103.33 | B29: 45808 | C29: FICA - Taxes | D29: 05/16/2025-05/31/2025
A30: 24.17 | B30: 45808 | C30: FICA - Taxes | D30: 05/16/2025-05/31/2025
A31: 103.33 | B31: 45823 | C31: FICA - Taxes | D31: 06/01/2025-06/15/2025
A32: 24.17 | B32: 45823 | C32: FICA - Taxes | D32: 06/01/2025-06/15/2025
... A50: 24.17 | B50: 45961 | C50: FICA - Taxes | D50: 10/16/2025-10/31/2025
A52: Spent to date | C52: =SUM(A3:A50) -> 3060
A53: Remaining Balance | C53: $ -
A55: Vincent Tate
A56: Total Cost | B56: Date | C56: Vendor | D56: Pay Periods
A57: 83.96 | B57: 45611 | C57: FICA - Taxes | D57: 11/01/2024-11/15/2024
A58: 19.64 | B58: 45611 | C58: FICA - Taxes | D58: 11/01/2024-11/15/2024
A59: 83.96 | B59: 45626 | C59: FICA - Taxes | D59: 11/16/2024-11/30/2024
A60: 19.64 | B60: 45626 | C60: FICA - Taxes | D60: 11/16/2024-11/30/2024
A61: 83.96 | B61: 45641 | C61: FICA - Taxes | D61: 12/01/2024-12/15/2024
A62: 19.64 | B62: 45641 | C62: FICA - Taxes | D62: 12/01/2024-12/15/2024
A63: 83.96 | B63: 45657 | C63: FICA - Taxes | D63: 12/16/2024-12/31/2024
A64: 19.64 | B64: 45657 | C64: FICA - Taxes | D64: 12/16/2024-12/31/2024
A65: 83.96 | B65: 45672 | C65: FICA - Taxes | D65: 01/01/2025-01/15/2025
A66: 19.64 | B66: 45672 | C66: FICA - Taxes | D66: 01/01/2025-01/15/2025
A67: 83.96 | B67: 45688 | C67: FICA - Taxes | D67: 01/16/2025-01/31/2025
A68: 19.64 | B68: 45688 | C68: FICA - Taxes | D68: 01/16/2025-01/31/2025
... A73: 83.96 | B73: 45731 | C73: FICA - Taxes | D73: 03/01/2025-03/15/2025
A74: 19.64 | B74: 45731 | C74: FICA - Taxes | D74: 03/01/2025-03/15/2025 | E74: =SUM(A75,A76) -> 103.6
A75: 83.96 | B75: 45747 | C75: FICA - Taxes | D75: 03/16/2025-03/31/2025
A76: 19.64 | B76: 45747 | C76: FICA - Taxes | D76: 03/16/2025-03/31/2025
A77: 83.96 | B77: 45762 | C77: FICA - Taxes | D77: 04/01/2025-04/15/2025
A78: 19.64 | B78: 45762 | C78: FICA - Taxes | D78: 04/01/2025-04/15/2025
A79: 83.96 | B79: 45777 | C79: FICA - Taxes | D79: 04/16/2025-04/30/2025
A80: 19.64 | B80: 45777 | C80: FICA - Taxes | D80: 04/16/2025-04/30/2025
A81: 83.96 | B81: 45792 | C81: FICA - Taxes | D81: 05/01/2025-05/15/2025
A82: 19.64 | B82: 45792 | C82: FICA - Taxes | D82: 05/01/2025-05/15/2025
A83: 83.96 | B83: 45808 | C83: FICA - Taxes | D83: 05/16/2025-05/31/2025
A84: 19.64 | B84: 45808 | C84: FICA - Taxes | D84: 05/16/2025-05/31/2025
A85: 83.96 | B85: 45823 | C85: FICA - Taxes | D85: 06/01/2025-06/15/2025
A86: 19.64 | B86: 45823 | C86: FICA - Taxes | D86: 06/01/2025-06/15/2025
... A104: 19.64 | B104: 45961 | C104: FICA - Taxes | D104: 10/16/2025-10/31/2025
A106: Spent to date | C106: =SUM(A57:A104) -> 2486.4 | D106: Rounding errors
A107: Remaining Balance | C107: -0.15
A109: John Voss
A110: Total Cost | B110: Date | C110: Vendor | D110: Pay Periods
A111: 115.04 | B111: 45611 | C111: FICA - Taxes | D111: 11/01/2024-11/15/2024
A112: 26.91 | B112: 45611 | C112: FICA - Taxes | D112: 11/01/2024-11/15/2024
A113: 115.04 | B113: 45626 | C113: FICA - Taxes | D113: 11/16/2024-11/30/2024
A114: 26.91 | B114: 45626 | C114: FICA - Taxes | D114: 11/16/2024-11/30/2024
A115: 115.04 | B115: 45641 | C115: FICA - Taxes | D115: 12/01/2024-12/15/2024
A116: 26.91 | B116: 45641 | C116: FICA - Taxes | D116: 12/01/2024-12/15/2024
A117: 115.04 | B117: 45657 | C117: FICA - Taxes | D117: 12/16/2024-12/31/2024
A118: 26.91 | B118: 45657 | C118: FICA - Taxes | D118: 12/16/2024-12/31/2024
A119: 115.04 | B119: 45672 | C119: FICA - Taxes | D119: 01/01/2025-01/15/2025
A120: 26.91 | B120: 45672 | C120: FICA - Taxes | D120: 01/01/2025-01/15/2025
A121: 115.04 | B121: 45688 | C121: FICA - Taxes | D121: 01/16/2025-01/31/2025
A122: 26.91 | B122: 45688 | C122: FICA - Taxes | D122: 01/16/2025-01/31/2025
... A125: 115.04 | B125: 45716 | C125: FICA - Taxes | D125: 02/16/2025-02/28/2025
A126: 26.91 | B126: 45716 | C126: FICA - Taxes | D126: 02/16/2025-02/28/2025 | F126: =SUM(A126,A125) -> 141.95
A127: 115.04 | B127: 45731 | C127: FICA - Taxes | D127: 03/01/2025-03/15/2025
A128: 26.91 | B128: 45731 | C128: FICA - Taxes | D128: 03/01/2025-03/15/2025
A129: 115.04 | B129: 45747 | C129: FICA - Taxes | D129: 03/16/2025-03/31/2025
A130: 26.91 | B130: 45747 | C130: FICA - Taxes | D130: 03/16/2025-03/31/2025
A131: 115.04 | B131: 45762 | C131: FICA - Taxes | D131: 04/01/2025-04/15/2025
A132: 26.91 | B132: 45762 | C132: FICA - Taxes | D132: 04/01/2025-04/15/2025
A133: 115.04 | B133: 45777 | C133: FICA - Taxes | D133: 04/16/2025-04/30/2025
A134: 26.91 | B134: 45777 | C134: FICA - Taxes | D134: 04/16/2025-04/30/2025
A135: 115.04 | B135: 45792 | C135: FICA - Taxes | D135: 05/01/2025-05/15/2025
A136: 26.91 | B136: 45792 | C136: FICA - Taxes | D136: 05/01/2025-05/15/2025
A137: 115.04 | B137: 45808 | C137: FICA - Taxes | D137: 05/16/2025-05/31/2025
A138: 26.91 | B138: 45808 | C138: FICA - Taxes | D138: 05/16/2025-05/31/2025
... A158: 26.91 | B158: 45961 | C158: FICA - Taxes | D158: 10/16/2025-10/31/2025
A160: Spent to date | C160: =SUM(A111:A158) -> 3406.8 | D160: Rounding errors
A161: Remaining Balance | C161: -0.04

Sheet APERS - Retirement 
A1: John Voss
A2: Total Cost per Receipt | B2: Date | C2: Vendor | D2: Pay Periods | E2: ARORP Notes
A3: 284.27 | B3: 45611 | C3: APERS - Retirement | D3: 11/01/2024-11/15/2024
A4: 284.27 | B4: 45626 | C4: APERS - Retirement | D4: 11/16/2024-11/30/2024
A5: 284.27 | B5: 45641 | C5: APERS - Retirement | D5: 12/01/2024-12/15/2024
A6: 284.27 | B6: 45657 | C6: APERS - Retirement | D6: 12/16/2024-12/31/2024
A7: 284.27 | B7: 45672 | C7: APERS - Retirement | D7: 01/01/2025-01/15/2025
A8: 284.27 | B8: 45688 | C8: APERS - Retirement | D8: 01/16/2025-01/31/2025
A9: 284.27 | B9: 45703 | C9: APERS - Retirement | D9: 02/01/2025-02/15/2025
A10: 284.27 | B10: 45716 | C10: APERS - Retirement | D10: 02/16/2025-02/28/2025
A11: 284.27 | B11: 45731 | C11: APERS - Retirement | D11: 03/01/2025-03/15/2025
A12: 284.27 | B12: 45747 | C12: APERS - Retirement | D12: 03/16/2025-03/31/2025
A13: 284.27 | B13: 45762 | C13: APERS - Retirement | D13: 04/01/2025-04/15/2025
A14: 284.27 | B14: 45777 | C14: APERS - Retirement | D14: 04/16/2025-04/30/2025
A15: 284.27 | B15: 45792 | C15: APERS - Retirement | D15: 05/01/2025-05/15/2025 | E15: Missing payment for $284.27, two 6/15/25 payments. Paystubs received after meeting.
A16: 284.27 | B16: 45808 | C16: APERS - Retirement | D16: 05/16/2025-05/31/2025
A17: 284.27 | B17: 45823 | C17: APERS - Retirement | D17: 06/01/2025-06/15/2025
A18: 284.27 | B18: 45838 | C18: APERS - Retirement | D18: 06/16/2025-06/30/2025
A19: 284.27 | B19: 45853 | C19: APERS - Retirement | D19: 07/01/2025-07/15/2025
A20: 284.27 | B20: 45869 | C20: APERS - Retirement | D20: 07/16/2025-07/31/2025
A21: 284.27 | B21: 45884 | C21: APERS - Retirement | D21: 08/01/2025-08/15/2025
A22: 284.27 | B22: 45900 | C22: APERS - Retirement | D22: 08/16/2025-08/31/2025
A23: 284.27 | B23: 45915 | C23: APERS - Retirement | D23: 09/01/2025-09/15/2025
A24: 284.27 | B24: 45930 | C24: APERS - Retirement | D24: 09/16/2025-09/30/2025
A25: 284.27 | B25: 45945 | C25: APERS - Retirement | D25: 10/01/2025-10/15/2025 | E25: Missing payment for $284.27. Paystubs received after meeting.
A26: 284.27 | B26: 45961 | C26: APERS - Retirement | D26: 10/16/2025-10/31/2025 | E26: Missing payment for $284.27. Paystubs received after meeting.
A27: Spent to date | C27: =SUM(A3:A26) -> 6822.48
A28: Remaining Balance | C28: =SUM(6822.42-C27) -> -0.06
A48: Nicole Smith
A49: Total Cost per Receipt | B49: Date | C49: Vendor | D49: Pay Periods
A50: 255.33 | B50: 45611 | C50: APERS - Retirement | D50: 11/01/2024-11/15/2024
A51: 255.33 | B51: 45626 | C51: APERS - Retirement | D51: 11/16/2024-11/30/2024
A52: 255.33 | B52: 45641 | C52: APERS - Retirement | D52: 12/01/2024-12/15/2024
A53: 255.33 | B53: 45657 | C53: APERS - Retirement | D53: 12/16/2024-12/31/2024
A54: 255.33 | B54: 45672 | C54: APERS - Retirement | D54: 01/01/2025-01/15/2025
A55: 255.33 | B55: 45688 | C55: APERS - Retirement | D55: 01/16/2025-01/31/2025
A56: 255.33 | B56: 45703 | C56: APERS - Retirement | D56: 02/01/2025-02/15/2025
A57: 255.33 | B57: 45716 | C57: APERS - Retirement | D57: 02/16/2025-02/28/2025
A58: 255.33 | B58: 45731 | C58: APERS - Retirement | D58: 03/01/2025-03/15/2025
A59: 255.33 | B59: 45747 | C59: APERS - Retirement | D59: 03/16/2025-03/31/2025
A60: 255.33 | B60: 45762 | C60: APERS - Retirement | D60: 04/01/2025-04/15/2025
A61: 255.33 | B61: 45777 | C61: APERS - Retirement | D61: 04/16/2025-04/30/2025
A62: 255.33 | B62: 45792 | C62: APERS - Retirement | D62: 05/01/2025-05/15/2025 | E62: Payment was missing for $255.33. Paystub received after meeting.
A63: 255.33 | B63: 45808 | C63: APERS - Retirement | D63: 05/16/2025-05/31/2025
A64: 255.33 | B64: 45823 | C64: APERS - Retirement | D64: 06/01/2025-06/15/2025 | E64: Two 6/15/25 payments.
A65: 255.33 | B65: 45838 | C65: APERS - Retirement | D65: 06/16/2025-06/30/2025
A66: 255.33 | B66: 45853 | C66: APERS - Retirement | D66: 07/01/2025-07/15/2025
A67: 255.33 | B67: 45869 | C67: APERS - Retirement | D67: 07/16/2025-07/31/2025
A68: 255.33 | B68: 45884 | C68: APERS - Retirement | D68: 08/01/2025-08/15/2025
A69: 255.33 | B69: 45900 | C69: APERS - Retirement | D69: 08/16/2025-08/31/2025
A70: 255.33 | B70: 45915 | C70: APERS - Retirement | D70: 09/01/2025-09/15/2025
A71: 255.33 | B71: 45930 | C71: APERS - Retirement | D71: 09/16/2025-09/30/2025
A72: 255.33 | B72: 45945 | C72: APERS - Retirement | D72: 10/01/2025-10/15/2025 | E72: Payment was missing for $255.33. Paystub received after meeting.
A73: 255.33 | B73: 45961 | C73: APERS - Retirement | D73: 10/16/2025-10/31/2025 | E73: Payment was missing for $255.33. Paystub received after meeting.
A74: Spent to date | C74: =SUM(A50:A73) -> 6127.92
A75: Remaining Balance | C75: =SUM(6128-C74) -> 0.08
A95: Vincent Tate
A96: Total Cost per Receipt | B96: Date | C96: Vendor | D96: Pay Periods
A97: 207.46 | B97: 45611 | C97: APERS - Retirement | D97: 11/01/2024-11/15/2024
A98: 207.46 | B98: 45626 | C98: APERS - Retirement | D98: 11/16/2024-11/30/2024
A99: 207.46 | B99: 45641 | C99: APERS - Retirement | D99: 12/01/2024-12/15/2024
A100: 207.46 | B100: 45657 | C100: APERS - Retirement | D100: 12/16/2024-12/31/2024
A101: 207.46 | B101: 45672 | C101: APERS - Retirement | D101: 01/01/2025-01/15/2025
A102: 207.46 | B102: 45688 | C102: APERS - Retirement | D102: 01/16/2025-01/31/2025
A103: 207.46 | B103: 45703 | C103: APERS - Retirement | D103: 02/01/2025-02/15/2025
A104: 207.46 | B104: 45716 | C104: APERS - Retirement | D104: 02/16/2025-02/28/2025
A105: 207.46 | B105: 45731 | C105: APERS - Retirement | D105: 03/01/2025-03/15/2025
A106: 207.46 | B106: 45747 | C106: APERS - Retirement | D106: 03/16/2025-03/31/2025
A107: 207.46 | B107: 45762 | C107: APERS - Retirement | D107: 04/01/2025-04/15/2025
A108: 207.46 | B108: 45777 | C108: APERS - Retirement | D108: 04/16/2025-04/30/2025
A109: 207.46 | B109: 45792 | C109: APERS - Retirement | D109: 05/01/2025-05/15/2025
A110: 207.46 | B110: 45808 | C110: APERS - Retirement | D110: 05/16/2025-05/31/2025 | E110: Extra 6/15/25 payment. Payment was missing for $207.46 for 5/31/25. Paystub received after meeting.
A111: 207.46 | B111: 45823 | C111: APERS - Retirement | D111: 06/01/2025-06/15/2025
A112: 207.46 | B112: 45838 | C112: APERS - Retirement | D112: 06/16/2025-06/30/2025
A113: 207.46 | B113: 45853 | C113: APERS - Retirement | D113: 07/01/2025-07/15/2025
A114: 207.46 | B114: 45869 | C114: APERS - Retirement | D114: 07/16/2025-07/31/2025
A115: 207.46 | B115: 45884 | C115: APERS - Retirement | D115: 08/01/2025-08/15/2025
A116: 207.46 | B116: 45900 | C116: APERS - Retirement | D116: 08/16/2025-08/31/2025
A117: 207.46 | B117: 45915 | C117: APERS - Retirement | D117: 09/01/2025-09/15/2025
A118: 207.46 | B118: 45930 | C118: APERS - Retirement | D118: 09/16/2025-09/30/2025
A119: 207.46 | B119: 45945 | C119: APERS - Retirement | D119: 10/01/2025-10/15/2025 | E119: Payment missing for $207.45. Paystub received after meeting for $207.46.
A120: 207.46 | B120: 45961 | C120: APERS - Retirement | D120: 10/16/2025-10/31/2025 | E120: Payment missing for $207.45. Paystub received after meeting for $207.46.
A121: Spent to date | C121: =SUM(A97:A120) -> 4979.04
A122: Remaining Balance | C122: =SUM(4979-C121) -> -0.04
A124: Original Budget Line Item | B124: Original Amount Budgeted | C124: Description of Budget Line Item | D124: Spent to date
A125: Investigator | B125: 6822.42 | C125: 1 Yr @ 15.32% total Salary | D125: ='APERS - Retirement '!C27 -> 6822.48
A126: Peer - Advanced | B126: 6128 | D126: ='APERS - Retirement '!C74 -> 6127.92
A127: Peer - Core | B127: 4979 | C127: 1 Yr @ 15.32% total Salary | D127: ='APERS - Retirement '!C121 -> 4979.04
A128: Total | D128: =SUM(D125:D127) -> 17929.44

Sheet Work-Comp 
A1: Total Cost per Receipt | B1: Date | C1: Vendor | D1: Items Purchased with Unit Price
A4: Spent to date | C4: =SUM(A2:A3) -> 0
A5: Remaining Balance | C5: 3059.82

Sheet EDP 
A1: Total Cost per Receipt | B1: Date | C1: Vendor | D1: Items Purchased with Unit Price
A2: 816.96 | B2: 45615 | C2: Amazon | D2: Yellow, Cyan & Magenta toner cartridges $245.89 ea. + 79.29 tax | E2: Order # 112-0182762-9499437
A3: 218.06 | B3: 45615 | C3: Amazon | D3: Black toner cartridge $196.89 + 21.17 tax | E3: Order # 112-7953402-6585800
A4: 17.7 | B4: 45598 | C4: Wal Mart | D4: Expandable file $15.98 + 1.72 tax | E4: Statement # 1659235803
A5: 160.81 | B5: 45674 | C5: EDP Solutions | D5: Business cards - N. Smith & V. Tate $145.20 + 15.61 tax | E5: Invoice # 306402
A6: 82.08 | B6: 45825 | C6: Wal Mart | D6: Tape, sheet protectors, dividers, canned air $74.11 + 7.97 tax | E6: TC # 7882 0290 2422 5874 8402
A7: 49.62 | B7: 45909 | C7: Amazon | D7: File Folders $44.80 + 4.82 tax | E7: Order # 114-4055908-5609024
A8: 199.32 | B8: 45909 | C8: Amazon | D8: copy paper 179.98 + $19.34 tax | E8: Order # 114-5526492-3461868
A9: 955.23 | B9: 45909 | C9: Amazon | D9: label maker, toner, ink pens, external hard drives 862.51 +$92.72 tax | E9: Order # 114-4289796-3231425
A13: Spent to date | C13: =SUM(A2:A12) -> 2499.78
A14: Remaining Balance | C14: =SUM(2500-C13) -> 0.22

Sheet Equipment 
A1: Total Cost per Receipt | B1: Date | C1: Vendor | D1: Items Purchased with Unit Price
A2: 164.72 | B2: 45621 | C2: Verizon | D2: Phone & Hot Spot Service 10/09/24-11/08/24 $164.72
A3: 164.72 | B3: 45653 | C3: Verizon | D3: Phone & Hot Spot Service 11/09/24-12/08/24 $164.72
A4: 164.66 | B4: 45688 | C4: Verizon | D4: Phone & Hot Spot Service 12/09/24-01/08/2025 $164.66
A5: 164.6 | B5: 45716 | C5: Verizon | D5: Phone & Hot Spot Service 01/09/2025-02/28/2025 $164.60
A6: 106.63 | B6: 45744 | C6: Verizon | D6: Phone & Hot Spot Service 02/09/2025-03/08/2025 $106.63
A7: 916.08 | B7: 45755 | C7: T-Mobile | D7: New Phones & Hot Spot Service 2/21/25-3/20/25 $916.08
A8: 152.36 | B8: 45777 | C8: T-Mobile | D8: Phone & Hot Spot Service 3/21/2025-4/20/2025 $152.36
A9: 152.36 | B9: 45810 | C9: T-Mobile | D9: Phone & Hot Spot Service 4/21/2025-5/20/2025 $152.36
A10: 153.98 | B10: 45840 | C10: T-Mobile | D10: Phone & Hot Spot Service 05/21/2025-06/20/2025 $153.98
A11: 153.98 | B11: 45866 | C11: T-Mobile | D11: Phone & Hot Spot Servoce 06/21/2025-07/20/2025 $153.98
A12: 153.98 | B12: 45900 | C12: T-Mobile | D12: Phone & Hot Spot Service 07/21/2025-08/20/2025 $153.98
A16: Spent to date | C16: =SUM(A2:A15) -> 2448.07
A17: Remaining Balance | C17: =SUM(2399.4-C16) -> -48.67
A18: Tru-Narc
A19: Total Cost per Receipt | B19: Date | C19: Vendor | D19: Items Purchased with Unit Price
A21: Spent to date
A22: Remaining Balance | C22: =SUM(704-C21) -> 704
